AoeStats
← fugatheband0

MegaRandom

509811375Analyzed
4v4 RM · 6d ago on Sep 28, 2026· 45m 17s· 8 players
Game mode
Random Map
Map size
Large (8 player)
Population
200
Speed
Normal
Resources
Standard
Victory
Conquest
Starting age
Dark Age
Ending age
Imperial Age
RankedLock teamsTeams togetherTeam positionsShared explorationLock speedFull tech treeHidden civsTurbo modeCheats
Victory
Defeat
🇮🇳 Goths · India
1008
+17
🇲🇽 Celts · Mexico
989
+17
🇨🇦 Tatars · Canada
978
+18
🇺🇸 Franks · United States
932
+20
🇲🇽 Saxons · Mexico
1073
-20
🇹🇼 Franks · Taiwan
1015
-18
🇩🇪 Varangians · Germany
1001
-17
🇺🇸 Khmer · United States
985
-17
Elite Seraphim
10:21 Loom
13:26 Feudal Age
17:42 Castle Age
16:02 Double-Bit Axe
16:07 Horse Collar
21:39 Wheelbarrow
24:13 Scale Mail Armor
24:20 Scale Barding Armor
25:26 Forging
26:05 Bow Saw
26:38 Husbandry
29:49 Chain Barding Armor
31:14 Ballistics
30:49 Fletching
33:14 Iron Casting
32:37 Bodkin Arrow
34:27 Hand Cart
34:31 Heavy Plow
39:31 Imperial Age
37:29 Gold Mining
39:48 Elite Keshik
40:34 Scale Mail Armor
41:35 Blast Furnace
41:11 Conscription
41:22 Bracer
43:21 Chemistry
42:24 Padded Archer Armor
43:01 Plate Barding Armor
42:27 Padded Archer Armor
42:44 Heavy Cavalry Archer
45:27 Leather Archer Armor
aegilello
2:30 Loom
12:02 Feudal Age
19:57 Castle Age
18:49 Scale Barding Armor
20:03 Wheelbarrow
27:54 Double-Bit Axe
32:11 Imperial Age
29:58 Bow Saw
30:06 Hand Cart
29:37 Town Watch
29:51 Gold Mining
31:08 Stone Mining
32:50 Cavalier
33:31 Husbandry
35:08 Forging
35:19 Chain Barding Armor
37:30 Gold Shaft Mining
39:53 Iron Casting
39:55 Plate Barding Armor
39:20 Paladin
rikbandy
9:33 Loom
11:19 Feudal Age
14:13 Wheelbarrow
16:45 Castle Age
15:15 Double-Bit Axe
15:33 Horse Collar
18:15 Bow Saw
20:45 Heavy Plow
23:22 Hand Cart
23:39 Gold Mining
31:09 Town Watch
34:24 Imperial Age
32:43 Scale Mail Armor
32:53 Forging
33:03 Anarchy
34:14 Chain Mail Armor
34:04 Squires
35:56 Iron Casting
35:46 Elite Huskarl
37:35 Perfusion
37:55 Conscription
39:52 Blast Furnace
40:25 Pikeman
42:17 Halberdier
fugatheband0
2:28 Loom
13:40 Feudal Age
20:26 Castle Age
19:06 Fletching
21:12 Padded Archer Armor
21:07 Pikeman
25:29 Crossbowman
27:54 Leather Archer Armor
36:56 Town Watch
37:49 Wheelbarrow
37:32 Double-Bit Axe
41:05 Imperial Age
38:22 Man-at-Arms
38:50 Gambesons
40:57 Bow Saw
41:20 Elite Skirmisher
41:23 Long Swordsman
43:06 Horse Collar
42:56 Two-Handed Swordsman
45:15 Ring Archer Armor
vivazqu
12:07 Feudal Age
13:19 Double-Bit Axe
13:23 Horse Collar
19:08 Castle Age
18:35 Scale Mail Armor
18:41 Scale Barding Armor
19:15 Forging
20:34 Wheelbarrow
19:45 Town Watch
22:10 Husbandry
22:28 Fletching
22:54 Heavy Plow
23:55 Stone Mining
23:58 Gold Mining
25:49 Chain Barding Armor
28:09 Bloodlines
28:06 Pikeman
29:14 Hand Cart
29:43 Gold Shaft Mining
29:44 Stone Shaft Mining
29:50 Bow Saw
29:55 Town Patrol
33:14 Iron Casting
32:03 Light Cavalry
35:46 Chain Mail Armor
40:31 Imperial Age
41:20 Murder Holes
42:36 Conscription
44:03 Blast Furnace
sabin
10:01 Loom
11:47 Feudal Age
12:16 Man-at-Arms
13:33 Horse Collar
14:39 Double-Bit Axe
15:21 Scale Mail Armor
17:08 Forging
19:45 Wheelbarrow
19:32 Stone Mining
22:20 Castle Age
20:29 Fletching
20:42 Gold Mining
21:40 Padded Archer Armor
23:12 Elite Skirmisher
23:47 Bodkin Arrow
littledragon
11:19 Feudal Age
12:00 Double-Bit Axe
17:10 Castle Age
19:14 Husbandry
24:55 Scale Barding Armor
27:25 Chain Barding Armor
27:16 Forging
29:35 Iron Casting
30:21 Wheelbarrow
30:56 Bow Saw
34:00 Imperial Age
32:53 Hand Cart
33:06 Fletching
33:17 Padded Archer Armor
33:56 Bodkin Arrow
36:46 Cavalier
38:07 Plate Barding Armor
38:37 Paladin
39:41 Elite Skirmisher
40:24 Murder Holes
陟遐自迩
0:57 Loom
13:37 Feudal Age
14:44 Horse Collar
21:46 Castle Age
20:21 Double-Bit Axe
20:38 Stone Mining
22:32 Wheelbarrow
23:15 Bow Saw
23:10 Heavy Plow
23:06 Gold Mining
24:47 Stone Shaft Mining
25:56 Forging
25:52 Scale Barding Armor
28:06 Bloodlines
28:41 Husbandry
31:05 Iron Casting
31:09 Chain Barding Armor
36:32 Imperial Age
33:53 Town Watch
34:46 Hand Cart
35:41 Scale Mail Armor
35:45 Squires
35:30 Arson
35:31 Gambesons
37:08 Chain Mail Armor
37:55 Conscription
36:56 Gothikon
37:56 Elite Varangian Guard
39:49 Blast Furnace
39:47 Pikeman
42:05 Crop Rotation
42:27 Plate Mail Armor
42:32 Plate Barding Armor
42:55 Conscription
41:56 Gothikon
Connection lost

Rejoining the realm…

Still unreachable

The connection could not be restored.

Session expired

The server has moved on; the page needs a fresh start.